[ AOE2 MATCH · #507338534 ]
UnrankedDravidians vs Franks
[ REPLAY ANALYSIS · EXTRACTED FROM THE RECORDED GAME ]
Feudal
11:48
Castle
16:17
Imperial
30:09
| APM avg | 16.7 |
| APM peak | 57 |
| eAPM avg | 12.0 |
| Villagers / military | 123 / 308 |
Focus
⚔️ 24.6% · 🌾 75.4%
Elephant Archer ×230 · Skirmisher ×59 · Hand Cannoneer ×19
Feudal
10:59
Castle
14:29
Imperial
28:40
| APM avg | 21.5 |
| APM peak | 56 |
| eAPM avg | 14.8 |
| Villagers / military | 161 / 363 |
Focus
⚔️ 30.9% · 🌾 69.1%
Knight ×261 · Scout Cavalry ×85 · Trebuchet (Packed) ×11 · Monk ×5 · Mangonel ×1
Feudal
11:20
Castle
14:53
Imperial
28:50
| APM avg | 91.5 |
| APM peak | 253 |
| eAPM avg | 62.4 |
| Villagers / military | 288 / 248 |
Focus
⚔️ 64.8% · 🌾 35.2%
Mangudai ×206 · Trade Cart ×48 · Battering Ram ×28 · Mangonel ×7 · Trebuchet (Packed) ×5 · Monk ×2
Feudal
11:53
Castle
16:08
Imperial
30:56
| APM avg | 19.7 |
| APM peak | 50 |
| eAPM avg | 13.1 |
| Villagers / military | 102 / 322 |
Focus
⚔️ 28.0% · 🌾 72.0%
Longbowman ×177 · Spearman ×120 · Trebuchet (Packed) ×15 · Militia ×10
Feudal
12:03
Castle
17:10
Imperial
34:58
| APM avg | 27.8 |
| APM peak | 117 |
| eAPM avg | 16.8 |
| Villagers / military | 101 / 363 |
Focus
⚔️ 35.2% · 🌾 64.8%
Spearman ×316 · Scorpion ×43 · Monk ×2 · Trebuchet (Packed) ×2
Feudal
11:20
Castle
17:35
Imperial
32:23
| APM avg | 17.7 |
| APM peak | 41 |
| eAPM avg | 11.4 |
| Villagers / military | 122 / 434 |
Focus
⚔️ 32.4% · 🌾 67.6%
Militia ×294 · Scorpion ×134 · Trade Cart ×12 · Trebuchet (Packed) ×6
Feudal
11:00
Castle
15:51
Imperial
33:08
| APM avg | 15.9 |
| APM peak | 39 |
| eAPM avg | 11.0 |
| Villagers / military | 198 / 104 |
Focus
⚔️ 27.9% · 🌾 72.1%
War Elephant ×102 · Trade Cart ×3 · Trebuchet (Packed) ×2
Feudal
13:07
Castle
17:51
Imperial
31:23
| APM avg | 18.0 |
| APM peak | 67 |
| eAPM avg | 11.3 |
| Villagers / military | 149 / 530 |
Focus
⚔️ 42.3% · 🌾 57.7%
Spearman ×284 · Huskarl ×235 · Trebuchet (Packed) ×11 · Trade Cart ×7
Match map
Initial resources + every placement click. Lines = walls · curves = elevation contours. ◆ gold · ⬟ stone · ● berries · ✦ relic · ◌ wall gap
Your base· ✓ Closed at 16:17 · 1t walls · no gate
Sandsoil's base· ✓ Closed at 14:29 · 0t walls · no gate
VIT | Hera's base· ✓ Closed at 14:53 · 9t walls · no gate
Iced0ux's base· ✓ Closed at 16:08 · 15t walls · no gate
Ynyslas's base· ✓ Closed at 17:10 · 0t walls · no gate
fran135's base· ✓ Closed at 17:35 · 0t walls · no gate
Khoron's base· ✓ Closed at 15:51 · 32t walls · no gate
Flynxis's base· ✓ Closed at 17:51 · 0t walls · no gate
Smoothed initial terrain · ◌ = detected wall gap · hover for details
Inputs per minute
— FAILEDFEMBOY - - Sandsoil
Build order — FAILEDFEMBOY
First 150 of 394 actions detected
| 0:04 | Create | Villager (Male) |
| 0:04 | Create | Villager (Male) |
| 0:04 | Create | Villager (Male) |
| 0:05 | Create | Villager (Male) |
| 0:05 | Create | Villager (Male) |
| 0:08 | Build | House |
| 0:10 | Build | House |
| 1:31 | Create | Villager (Male) |
| 1:51 | Build | Lumber Camp |
| 2:02 | Create | Villager (Male) |
| 2:02 | Create | Villager (Male) |
| 2:26 | Create | Villager (Male) |
| 2:57 | Create | Villager (Male) |
| 3:19 | Create | Villager (Male) |
| 3:19 | Create | Villager (Male) |
| 3:31 | Build | House |
| 3:32 | Build | House |
| 3:34 | Build | House |
| 3:50 | Create | Villager (Male) |
| 4:21 | Build | Palisade Wall |
| 4:25 | Create | Villager (Male) |
| 4:25 | Create | Villager (Male) |
| 4:48 | Create | Villager (Male) |
| 5:08 | Create | Villager (Male) |
| 5:21 | Build | Mill |
| 5:53 | Create | Villager (Male) |
| 5:53 | Create | Villager (Male) |
| 6:12 | Create | Villager (Male) |
| 6:12 | Create | Villager (Male) |
| 6:13 | Create | Villager (Male) |
| 6:52 | Create | Villager (Male) |
| 6:52 | Create | Villager (Male) |
| 6:52 | Create | Villager (Male) |
| 6:53 | Create | Villager (Male) |
| 7:11 | Create | Villager (Male) |
| 8:24 | Build | Mill |
| 8:43 | Research | Feudal Age |
| 9:42 | Create | Villager (Male) |
| 10:13 | Build | Mining Camp |
| 10:53 | Create | Villager (Male) |
| 10:56 | Research | Loom |
| 11:01 | Build | Farm |
| 11:01 | Build | Farm |
| 11:01 | Build | Farm |
| 11:01 | Build | Farm |
| 11:01 | Build | Farm |
| 11:02 | Build | Farm |
| 11:02 | Build | Farm |
| 11:02 | Build | Farm |
| 11:48 | Age | Feudal Age |
| 11:56 | Build | Market |
| 12:38 | Build | Blacksmith |
| 13:09 | Build | Mining Camp |
| 13:37 | Research | Castle Age |
| 14:06 | Research | Double-Bit Axe |
| 14:06 | Research | Double-Bit Axe |
| 14:28 | Research | Horse Collar |
| 15:28 | Research | Wheelbarrow |
| 16:17 | Age | Castle Age |
| 16:42 | Build | Castle |
| 16:53 | Create | Villager (Male) |
| 16:53 | Create | Villager (Male) |
| 16:53 | Create | Villager (Male) |
| 16:54 | Create | Villager (Male) |
| 17:52 | Research | Heavy Plow |
| 19:04 | Build | Town Center |
| 19:35 | Create | Villager (Male) |
| 19:36 | Create | Villager (Male) |
| 19:36 | Create | Villager (Male) |
| 19:47 | Create | Villager (Male) |
| 19:47 | Create | Villager (Male) |
| 19:47 | Create | Villager (Male) |
| 19:47 | Create | Villager (Male) |
| 19:53 | Build | Mining Camp |
| 20:24 | Create | Villager (Male) |
| 20:39 | Build | Farm |
| 20:39 | Build | Farm |
| 20:39 | Build | Farm |
| 20:43 | Build | Farm |
| 20:50 | Build | Farm |
| 20:54 | Create | Villager (Male) |
| 20:54 | Create | Villager (Male) |
| 21:23 | Create | Villager (Male) |
| 21:26 | Create | Villager (Male) |
| 21:49 | Build | Farm |
| 21:49 | Build | Farm |
| 21:50 | Build | Farm |
| 21:50 | Build | Farm |
| 21:50 | Build | Farm |
| 21:50 | Build | Farm |
| 21:51 | Build | Farm |
| 22:00 | Create | Villager (Male) |
| 22:00 | Create | Villager (Male) |
| 22:11 | Build | Farm |
| 22:43 | Build | Farm |
| 22:45 | Build | Farm |
| 22:48 | Build | Farm |
| 22:59 | Build | Farm |
| 23:14 | Create | Villager (Male) |
| 23:14 | Create | Villager (Male) |
| 23:16 | Create | Villager (Male) |
| 23:16 | Create | Villager (Male) |
| 23:16 | Create | Villager (Male) |
| 23:46 | Research | Bow Saw |
| 24:00 | Build | Town Center |
| 24:35 | Create | Villager (Male) |
| 24:35 | Create | Villager (Male) |
| 24:36 | Create | Villager (Male) |
| 24:36 | Create | Villager (Male) |
| 24:41 | Build | House |
| 24:42 | Build | House |
| 24:44 | Build | House |
| 24:45 | Build | House |
| 25:27 | Build | Barracks |
| 25:59 | Build | Stable |
| 26:31 | Build | Archery Range |
| 26:59 | Research | Imperial Age |
| 27:07 | Create | Villager (Male) |
| 27:07 | Create | Villager (Male) |
| 27:17 | Create | Villager (Male) |
| 27:17 | Create | Villager (Male) |
| 27:17 | Create | Villager (Male) |
| 27:27 | Build | Archery Range |
| 27:35 | Research | Husbandry |
| 27:40 | Create | Villager (Male) |
| 27:40 | Create | Villager (Male) |
| 27:40 | Create | Villager (Male) |
| 28:00 | Research | Fletching |
| 28:15 | Create | Villager (Male) |
| 28:15 | Create | Villager (Male) |
| 28:15 | Create | Villager (Male) |
| 28:21 | Create | Villager (Male) |
| 28:21 | Create | Villager (Male) |
| 28:30 | Build | Farm |
| 28:30 | Build | Farm |
| 28:30 | Build | Farm |
| 28:31 | Build | Farm |
| 28:31 | Build | Farm |
| 28:31 | Build | Farm |
| 28:36 | Create | Villager (Male) |
| 28:37 | Create | Villager (Male) |
| 28:38 | Create | Villager (Male) |
| 28:39 | Create | Villager (Male) |
| 28:39 | Create | Villager (Male) |
| 28:41 | Create | Villager (Male) |
| 28:57 | Build | University |
| 29:04 | Research | Padded Archer Armor |
| 29:09 | Build | House |
| 29:11 | Build | House |
| 29:39 | Research | Hand Cart |
Build order — Sandsoil
First 150 of 386 actions detected
| 0:04 | Build | House |
| 0:04 | Create | Villager (Male) |
| 0:05 | Create | Villager (Male) |
| 0:05 | Create | Villager (Male) |
| 0:06 | Build | House |
| 0:30 | Create | Villager (Male) |
| 1:31 | Create | Villager (Male) |
| 2:05 | Create | Villager (Male) |
| 2:35 | Create | Villager (Male) |
| 2:52 | Build | Lumber Camp |
| 2:54 | Create | Villager (Male) |
| 3:08 | Build | House |
| 3:10 | Build | House |
| 3:11 | Build | House |
| 3:20 | Build | House |
| 3:21 | Build | House |
| 3:22 | Build | House |
| 3:24 | Create | Villager (Male) |
| 3:47 | Create | Villager (Male) |
| 4:07 | Create | Villager (Male) |
| 4:43 | Create | Villager (Male) |
| 4:43 | Create | Villager (Male) |
| 5:27 | Create | Villager (Male) |
| 5:27 | Create | Villager (Male) |
| 5:50 | Create | Villager (Male) |
| 5:50 | Create | Villager (Male) |
| 6:43 | Build | Mill |
| 7:34 | Create | Villager (Male) |
| 7:35 | Create | Villager (Male) |
| 8:15 | Create | Villager (Male) |
| 8:36 | Build | Mining Camp |
| 8:41 | Research | Feudal Age |
| 9:55 | Create | Villager (Male) |
| 9:56 | Create | Villager (Male) |
| 10:59 | Age | Feudal Age |
| 11:08 | Build | Market |
| 11:10 | Build | Blacksmith |
| 11:48 | Research | Castle Age |
| 12:06 | Research | Double-Bit Axe |
| 13:33 | Research | Wheelbarrow |
| 14:29 | Age | Castle Age |
| 14:33 | Research | Bow Saw |
| 14:42 | Build | Monastery |
| 14:55 | Build | Town Center |
| 15:16 | Create | Monk |
| 15:29 | Build | Town Center |
| 15:40 | Build | House |
| 15:50 | Create | Villager (Male) |
| 15:50 | Create | Villager (Male) |
| 16:02 | Create | Villager (Male) |
| 16:03 | Create | Monk |
| 16:17 | Build | House |
| 16:20 | Build | House |
| 16:23 | Build | House |
| 16:24 | Build | House |
| 16:32 | Build | House |
| 16:33 | Build | House |
| 16:35 | Build | House |
| 16:43 | Create | Villager (Male) |
| 16:43 | Create | Villager (Male) |
| 16:44 | Create | Villager (Male) |
| 16:51 | Create | Villager (Male) |
| 16:51 | Create | Villager (Male) |
| 16:51 | Create | Villager (Male) |
| 16:56 | Build | Farm |
| 16:58 | Build | Farm |
| 17:00 | Build | Farm |
| 17:20 | Build | Farm |
| 17:23 | Build | Farm |
| 17:25 | Build | Farm |
| 17:31 | Build | Farm |
| 17:36 | Build | Farm |
| 17:44 | Build | Farm |
| 17:53 | Build | Farm |
| 17:55 | Build | Farm |
| 18:00 | Build | Farm |
| 18:08 | Build | Farm |
| 18:12 | Build | House |
| 18:14 | Build | House |
| 18:15 | Build | House |
| 18:20 | Create | Villager (Male) |
| 18:25 | Create | Villager (Male) |
| 18:35 | Build | Farm |
| 18:43 | Create | Villager (Male) |
| 18:50 | Build | Farm |
| 18:51 | Build | Farm |
| 18:52 | Build | Farm |
| 18:54 | Build | Farm |
| 18:58 | Build | Farm |
| 18:59 | Create | Villager (Male) |
| 19:13 | Create | Villager (Male) |
| 19:16 | Build | Farm |
| 19:20 | Create | Villager (Male) |
| 19:22 | Create | Villager (Male) |
| 19:29 | Build | Farm |
| 19:34 | Create | Villager (Male) |
| 19:44 | Build | Farm |
| 19:48 | Create | Villager (Male) |
| 19:57 | Create | Villager (Male) |
| 19:59 | Create | Villager (Male) |
| 20:00 | Create | Villager (Male) |
| 20:08 | Create | Villager (Male) |
| 20:15 | Build | Town Center |
| 20:18 | Create | Villager (Male) |
| 20:30 | Build | Farm |
| 20:35 | Build | Farm |
| 20:36 | Create | Villager (Male) |
| 20:36 | Create | Villager (Male) |
| 20:37 | Create | Villager (Male) |
| 20:44 | Build | House |
| 20:45 | Build | House |
| 20:45 | Build | House |
| 20:47 | Create | Villager (Male) |
| 20:48 | Create | Villager (Male) |
| 21:01 | Create | Villager (Male) |
| 21:09 | Build | Farm |
| 21:15 | Build | Farm |
| 21:19 | Create | Villager (Male) |
| 21:19 | Create | Villager (Male) |
| 21:20 | Create | Villager (Male) |
| 21:20 | Create | Villager (Male) |
| 21:20 | Create | Villager (Male) |
| 21:25 | Create | Villager (Male) |
| 21:39 | Create | Villager (Male) |
| 21:41 | Build | Farm |
| 21:49 | Create | Villager (Male) |
| 21:49 | Create | Villager (Male) |
| 21:53 | Build | Farm |
| 21:58 | Build | House |
| 21:59 | Build | House |
| 22:04 | Build | University |
| 22:05 | Build | House |
| 22:06 | Build | House |
| 22:07 | Create | Villager (Male) |
| 22:08 | Create | Villager (Male) |
| 22:08 | Create | Villager (Male) |
| 22:08 | Create | Villager (Male) |
| 22:18 | Build | Mill |
| 22:23 | Create | Villager (Male) |
| 22:23 | Create | Villager (Male) |
| 22:23 | Create | Villager (Male) |
| 22:24 | Create | Villager (Male) |
| 22:33 | Build | Farm |
| 22:33 | Build | Farm |
| 22:33 | Build | Farm |
| 22:50 | Build | Farm |
| 22:50 | Build | Farm |
| 22:51 | Build | Farm |
| 22:51 | Build | Farm |
| 22:56 | Create | Villager (Male) |
Build order — VIT | Hera
First 150 of 629 actions detected
| 0:00 | Create | Villager (Male) |
| 0:01 | Create | Villager (Male) |
| 0:02 | Build | House |
| 0:02 | Build | House |
| 0:10 | Create | Villager (Male) |
| 0:10 | Create | Villager (Male) |
| 1:23 | Create | Villager (Male) |
| 1:46 | Build | Lumber Camp |
| 1:53 | Create | Villager (Male) |
| 1:53 | Create | Villager (Male) |
| 2:20 | Create | Villager (Male) |
| 2:29 | Create | Villager (Male) |
| 2:29 | Create | Villager (Male) |
| 3:00 | Create | Villager (Male) |
| 3:00 | Create | Villager (Male) |
| 3:17 | Create | Villager (Male) |
| 3:17 | Create | Villager (Male) |
| 3:19 | Build | House |
| 3:34 | Create | Villager (Male) |
| 3:59 | Build | House |
| 4:21 | Build | Palisade Wall |
| 4:25 | Create | Villager (Male) |
| 4:36 | Create | Villager (Male) |
| 4:36 | Create | Villager (Male) |
| 4:36 | Create | Villager (Male) |
| 5:36 | Build | Mill |
| 5:48 | Create | Villager (Male) |
| 6:19 | Create | Villager (Male) |
| 6:19 | Create | Villager (Male) |
| 6:20 | Create | Villager (Male) |
| 6:45 | Build | House |
| 6:55 | Create | Villager (Male) |
| 7:25 | Create | Villager (Male) |
| 7:25 | Create | Villager (Male) |
| 7:31 | Create | Villager (Male) |
| 7:31 | Create | Villager (Male) |
| 7:32 | Create | Villager (Male) |
| 7:44 | Create | Villager (Male) |
| 7:44 | Create | Villager (Male) |
| 8:13 | Build | House |
| 8:31 | Create | Villager (Male) |
| 9:06 | Research | Feudal Age |
| 9:06 | Research | Feudal Age |
| 9:13 | Build | Mining Camp |
| 10:55 | Build | House |
| 11:16 | Create | Villager (Male) |
| 11:20 | Create | Villager (Male) |
| 11:20 | Age | Feudal Age |
| 11:23 | Build | Market |
| 11:27 | Build | Blacksmith |
| 11:40 | Research | Double-Bit Axe |
| 11:40 | Research | Double-Bit Axe |
| 11:41 | Research | Horse Collar |
| 12:13 | Research | Castle Age |
| 12:13 | Research | Castle Age |
| 12:31 | Build | Farm |
| 12:33 | Build | Farm |
| 12:34 | Build | Farm |
| 12:35 | Build | Farm |
| 12:38 | Build | Farm |
| 12:52 | Build | Farm |
| 13:05 | Build | House |
| 14:24 | Create | Villager (Male) |
| 14:36 | Create | Villager (Male) |
| 14:53 | Age | Castle Age |
| 14:56 | Build | Town Center |
| 14:59 | Build | Town Center |
| 15:04 | Research | Bow Saw |
| 15:04 | Research | Bow Saw |
| 15:06 | Research | Heavy Plow |
| 15:06 | Research | Heavy Plow |
| 15:18 | Create | Villager (Male) |
| 15:27 | Build | Palisade Wall |
| 15:40 | Create | Villager (Male) |
| 15:56 | Create | Villager (Male) |
| 16:00 | Create | Villager (Male) |
| 16:00 | Create | Villager (Male) |
| 16:02 | Create | Villager (Male) |
| 16:03 | Build | Farm |
| 16:04 | Build | Farm |
| 16:05 | Create | Villager (Male) |
| 16:05 | Create | Villager (Male) |
| 16:06 | Build | Farm |
| 16:18 | Build | Farm |
| 16:21 | Build | Farm |
| 16:21 | Create | Villager (Male) |
| 16:22 | Build | Farm |
| 16:26 | Create | Villager (Male) |
| 16:27 | Create | Villager (Male) |
| 16:36 | Build | Farm |
| 16:43 | Build | Farm |
| 16:45 | Create | Villager (Male) |
| 16:46 | Create | Villager (Male) |
| 16:49 | Build | Farm |
| 16:52 | Build | Palisade Wall |
| 16:56 | Create | Villager (Male) |
| 17:00 | Build | Farm |
| 17:03 | Build | Farm |
| 17:08 | Build | Farm |
| 17:10 | Create | Villager (Male) |
| 17:13 | Build | Farm |
| 17:25 | Build | House |
| 17:26 | Build | House |
| 17:27 | Build | House |
| 17:28 | Build | House |
| 17:30 | Build | House |
| 17:32 | Create | Villager (Male) |
| 17:32 | Create | Villager (Male) |
| 17:38 | Build | Farm |
| 17:41 | Create | Villager (Male) |
| 17:58 | Create | Villager (Male) |
| 17:59 | Create | Villager (Male) |
| 18:07 | Create | Villager (Male) |
| 18:07 | Create | Villager (Male) |
| 18:19 | Create | Villager (Male) |
| 18:21 | Build | Town Center |
| 18:26 | Build | Farm |
| 18:29 | Create | Villager (Male) |
| 18:29 | Create | Villager (Male) |
| 18:31 | Build | House |
| 18:45 | Create | Villager (Male) |
| 18:45 | Create | Villager (Male) |
| 18:49 | Research | Wheelbarrow |
| 18:54 | Build | Farm |
| 18:54 | Build | Farm |
| 18:55 | Build | Farm |
| 18:59 | Build | Farm |
| 19:02 | Create | Villager (Male) |
| 19:07 | Create | Villager (Male) |
| 19:08 | Build | House |
| 19:09 | Build | House |
| 19:13 | Build | House |
| 19:14 | Create | Villager (Male) |
| 19:14 | Create | Villager (Male) |
| 19:28 | Create | Villager (Male) |
| 19:29 | Build | Farm |
| 19:30 | Build | Farm |
| 19:30 | Build | Farm |
| 19:34 | Create | Villager (Male) |
| 19:35 | Build | Farm |
| 19:43 | Create | Villager (Male) |
| 19:44 | Create | Villager (Male) |
| 19:47 | Create | Villager (Male) |
| 19:47 | Create | Villager (Male) |
| 19:49 | Create | Villager (Male) |
| 19:58 | Build | Farm |
| 20:04 | Build | Farm |
| 20:07 | Build | Farm |
| 20:08 | Build | Farm |
| 20:12 | Create | Villager (Male) ×2 |
Build order — Iced0ux
First 150 of 347 actions detected
| 0:01 | Create | Villager (Male) |
| 0:01 | Create | Villager (Male) |
| 0:02 | Build | House |
| 0:04 | Build | House |
| 0:27 | Create | Villager (Male) |
| 0:27 | Create | Villager (Male) |
| 0:40 | Research | Loom |
| 0:49 | Create | Villager (Male) |
| 0:49 | Create | Villager (Male) |
| 1:28 | Build | Palisade Wall |
| 1:36 | Create | Villager (Male) |
| 2:15 | Create | Villager (Male) |
| 2:41 | Build | Lumber Camp |
| 2:42 | Create | Villager (Male) |
| 2:51 | Create | Villager (Male) |
| 3:44 | Create | Villager (Male) |
| 3:44 | Create | Villager (Male) |
| 3:57 | Build | House |
| 4:21 | Create | Villager (Male) |
| 4:30 | Build | House |
| 4:51 | Create | Villager (Male) |
| 5:09 | Create | Villager (Male) |
| 5:09 | Create | Villager (Male) |
| 5:32 | Build | Mill |
| 5:45 | Create | Villager (Male) |
| 6:00 | Build | House |
| 6:21 | Create | Villager (Male) |
| 6:37 | Build | House |
| 6:41 | Build | House |
| 6:45 | Build | Palisade Wall |
| 6:47 | Build | Palisade Wall |
| 6:53 | Create | Villager (Male) |
| 7:31 | Create | Villager (Male) |
| 7:34 | Create | Villager (Male) |
| 8:00 | Create | Villager (Male) |
| 8:25 | Create | Villager (Male) |
| 9:14 | Build | Mining Camp |
| 9:18 | Create | Villager (Male) |
| 9:35 | Research | Feudal Age |
| 10:38 | Create | Villager (Male) |
| 10:38 | Create | Villager (Male) |
| 11:19 | Build | Farm |
| 11:19 | Build | Farm |
| 11:29 | Build | Farm |
| 11:33 | Build | Farm |
| 11:53 | Age | Feudal Age |
| 11:56 | Build | Market |
| 11:58 | Build | Blacksmith |
| 12:46 | Create | Villager (Male) |
| 12:51 | Build | Farm |
| 13:28 | Research | Castle Age |
| 13:58 | Build | Mining Camp |
| 14:34 | Build | Barracks |
| 14:37 | Research | Double-Bit Axe |
| 14:43 | Research | Horse Collar |
| 15:45 | Build | House |
| 16:08 | Age | Castle Age |
| 16:13 | Build | Town Center |
| 16:22 | Build | Town Center |
| 16:28 | Build | House |
| 16:34 | Research | Bow Saw |
| 16:35 | Create | Villager (Male) ×2 |
| 16:48 | Build | Farm |
| 16:49 | Build | Farm |
| 16:50 | Build | Farm |
| 16:54 | Build | Farm |
| 17:09 | Build | Farm |
| 17:22 | Create | Villager (Male) |
| 17:29 | Create | Villager (Male) |
| 17:35 | Build | Farm |
| 17:48 | Create | Villager (Male) |
| 17:48 | Create | Villager (Male) |
| 17:58 | Build | Farm |
| 17:59 | Create | Villager (Male) |
| 18:06 | Build | Farm |
| 18:11 | Build | Farm |
| 18:17 | Build | Farm |
| 18:20 | Create | Villager (Male) |
| 18:31 | Build | Farm |
| 18:32 | Create | Villager (Male) |
| 18:43 | Create | Villager (Male) |
| 18:51 | Build | Farm |
| 18:56 | Create | Villager (Male) |
| 19:07 | Build | Farm |
| 19:10 | Create | Villager (Male) |
| 19:16 | Build | Farm |
| 19:16 | Create | Villager (Male) |
| 19:23 | Create | Villager (Male) |
| 19:34 | Create | Villager (Male) |
| 19:45 | Build | Farm |
| 19:51 | Build | Farm |
| 19:51 | Create | Villager (Male) |
| 19:52 | Create | Villager (Male) |
| 19:59 | Build | Farm |
| 20:00 | Create | Villager (Male) |
| 20:09 | Build | Farm |
| 20:10 | Create | Villager (Male) |
| 20:23 | Build | Farm |
| 20:30 | Build | Farm |
| 20:31 | Create | Villager (Male) |
| 20:31 | Create | Villager (Male) |
| 20:32 | Create | Villager (Male) |
| 20:38 | Build | House |
| 20:42 | Build | House |
| 20:43 | Build | House |
| 20:46 | Create | Villager (Male) |
| 20:46 | Create | Villager (Male) |
| 20:57 | Create | Villager (Male) |
| 20:57 | Create | Villager (Male) |
| 21:03 | Build | Farm |
| 21:07 | Create | Villager (Male) |
| 21:14 | Build | Farm |
| 21:21 | Build | Farm |
| 21:22 | Create | Villager (Male) |
| 21:22 | Create | Villager (Male) |
| 21:22 | Create | Villager (Male) |
| 21:28 | Build | Farm |
| 21:29 | Create | Villager (Male) |
| 21:48 | Create | Villager (Male) |
| 21:48 | Create | Villager (Male) |
| 21:48 | Create | Villager (Male) |
| 21:53 | Create | Villager (Male) |
| 22:01 | Create | Villager (Male) |
| 22:21 | Build | Castle |
| 22:24 | Create | Villager (Male) |
| 22:25 | Create | Villager (Male) |
| 22:25 | Create | Villager (Male) |
| 22:28 | Create | Villager (Male) |
| 22:35 | Build | Lumber Camp |
| 22:38 | Create | Villager (Male) |
| 22:46 | Build | University |
| 22:47 | Build | House |
| 22:51 | Create | Villager (Male) |
| 22:51 | Create | Villager (Male) |
| 22:51 | Create | Villager (Male) |
| 22:58 | Build | House |
| 22:59 | Build | House |
| 23:01 | Create | Villager (Male) |
| 23:02 | Create | Villager (Male) |
| 23:16 | Build | Farm |
| 23:16 | Build | Farm |
| 23:17 | Build | Farm |
| 23:17 | Build | Farm |
| 23:19 | Build | Farm |
| 23:20 | Build | Farm |
| 23:21 | Build | Farm |
| 23:30 | Create | Villager (Male) |
| 23:30 | Create | Villager (Male) |
| 23:30 | Create | Villager (Male) |
| 23:43 | Build | Mining Camp |
Build order — Ynyslas
First 150 of 424 actions detected
| 0:02 | Build | House |
| 0:04 | Build | House |
| 0:05 | Create | Villager (Male) |
| 0:06 | Create | Villager (Male) |
| 0:06 | Create | Villager (Male) |
| 0:09 | Create | Villager (Male) |
| 0:09 | Create | Villager (Male) |
| 1:34 | Create | Villager (Male) |
| 1:52 | Build | Lumber Camp |
| 2:34 | Create | Villager (Male) |
| 2:34 | Create | Villager (Male) |
| 3:42 | Create | Villager (Male) |
| 3:42 | Create | Villager (Male) |
| 3:42 | Create | Villager (Male) |
| 3:54 | Build | House |
| 4:03 | Create | Villager (Male) |
| 4:03 | Create | Villager (Male) |
| 4:15 | Build | Mill |
| 4:19 | Create | Villager (Male) |
| 5:28 | Create | Villager (Male) |
| 5:57 | Create | Villager (Male) |
| 5:59 | Create | Villager (Male) |
| 6:34 | Create | Villager (Male) |
| 6:45 | Create | Villager (Male) |
| 6:58 | Build | House |
| 8:24 | Build | Mining Camp |
| 8:48 | Build | House |
| 9:39 | Build | Farm |
| 9:39 | Build | Farm |
| 9:39 | Build | Farm |
| 9:40 | Build | Farm |
| 9:40 | Build | Farm |
| 9:41 | Build | Farm |
| 9:48 | Build | Farm |
| 9:53 | Research | Feudal Age |
| 10:02 | Create | Villager (Male) |
| 10:02 | Create | Villager (Male) |
| 10:03 | Create | Villager (Male) |
| 10:03 | Create | Villager (Male) |
| 10:03 | Create | Villager (Male) |
| 10:17 | Build | Farm |
| 12:03 | Age | Feudal Age |
| 12:23 | Build | Market |
| 13:08 | Build | Farm |
| 14:00 | Build | Blacksmith |
| 14:30 | Research | Castle Age |
| 15:14 | Research | Double-Bit Axe |
| 15:18 | Research | Horse Collar |
| 15:24 | Research | Gold Mining |
| 16:08 | Build | House |
| 16:15 | Create | Villager (Male) |
| 16:15 | Create | Villager (Male) |
| 16:15 | Create | Villager (Male) |
| 16:16 | Create | Villager (Male) |
| 17:10 | Age | Castle Age |
| 17:15 | Build | Town Center |
| 17:28 | Build | Monastery |
| 17:52 | Create | Villager (Male) |
| 17:52 | Create | Villager (Male) |
| 17:52 | Create | Villager (Male) |
| 18:10 | Create | Monk |
| 18:21 | Create | Villager (Male) |
| 18:21 | Create | Villager (Male) |
| 18:22 | Create | Villager (Male) |
| 19:31 | Build | Farm |
| 19:31 | Build | Farm |
| 19:31 | Build | Farm |
| 19:31 | Build | Farm |
| 19:32 | Build | Farm |
| 19:32 | Build | Farm |
| 19:32 | Build | Farm |
| 19:32 | Build | Farm |
| 19:33 | Build | Farm |
| 19:35 | Create | Villager (Male) |
| 19:35 | Create | Villager (Male) |
| 19:36 | Create | Villager (Male) |
| 19:36 | Create | Villager (Male) |
| 19:36 | Create | Villager (Male) |
| 19:36 | Create | Villager (Male) |
| 19:39 | Create | Villager (Male) |
| 19:49 | Create | Monk |
| 20:13 | Create | Villager (Male) |
| 20:16 | Build | Farm |
| 20:16 | Build | Farm |
| 20:16 | Build | Farm |
| 20:17 | Build | Farm |
| 20:17 | Build | Farm |
| 20:17 | Build | Farm |
| 20:20 | Create | Villager (Male) |
| 20:21 | Create | Villager (Male) |
| 20:38 | Build | House |
| 20:39 | Build | House |
| 20:40 | Build | House |
| 20:41 | Build | House |
| 20:42 | Build | House |
| 20:43 | Build | House |
| 20:56 | Create | Villager (Male) |
| 21:13 | Build | Lumber Camp |
| 21:25 | Create | Villager (Male) |
| 21:25 | Create | Villager (Male) |
| 21:26 | Create | Villager (Male) |
| 21:26 | Create | Villager (Male) |
| 21:26 | Create | Villager (Male) |
| 21:33 | Build | Farm |
| 21:33 | Build | Farm |
| 21:34 | Build | Farm |
| 21:34 | Build | Farm |
| 21:34 | Build | Farm |
| 21:36 | Create | Villager (Male) |
| 22:54 | Create | Villager (Male) |
| 22:54 | Create | Villager (Male) |
| 22:55 | Create | Villager (Male) |
| 22:59 | Build | Farm |
| 23:05 | Create | Villager (Male) |
| 23:05 | Create | Villager (Male) |
| 23:06 | Create | Villager (Male) |
| 23:06 | Create | Villager (Male) |
| 23:06 | Create | Villager (Male) |
| 23:06 | Create | Villager (Male) |
| 23:52 | Build | Farm |
| 24:26 | Build | Siege Workshop |
| 24:30 | Build | Siege Workshop |
| 24:31 | Build | Siege Workshop |
| 25:14 | Research | Padded Archer Armor |
| 25:14 | Research | Fletching |
| 25:20 | Research | Scale Mail Armor |
| 25:20 | Research | Forging |
| 25:36 | Create | Scorpion |
| 25:36 | Create | Scorpion |
| 25:36 | Create | Scorpion |
| 25:36 | Create | Scorpion |
| 25:37 | Create | Scorpion |
| 25:37 | Create | Scorpion |
| 25:37 | Create | Scorpion |
| 25:37 | Create | Scorpion |
| 25:38 | Create | Scorpion |
| 25:54 | Build | Lumber Camp |
| 26:00 | Create | Villager (Male) |
| 26:00 | Create | Villager (Male) |
| 26:01 | Create | Villager (Male) |
| 26:01 | Create | Villager (Male) |
| 26:01 | Create | Villager (Male) |
| 26:01 | Create | Villager (Male) |
| 26:02 | Create | Villager (Male) |
| 26:02 | Create | Villager (Male) |
| 26:02 | Create | Villager (Male) |
| 26:09 | Create | Villager (Male) |
| 26:10 | Create | Villager (Male) |
| 26:10 | Create | Villager (Male) |
| 26:10 | Create | Villager (Male) |
Build order — fran135
First 150 of 380 actions detected
| 0:01 | Create | Villager (Male) |
| 0:01 | Create | Villager (Male) |
| 0:01 | Create | Villager (Male) |
| 0:02 | Create | Villager (Male) |
| 0:03 | Build | House |
| 0:05 | Build | House |
| 1:41 | Create | Villager (Male) |
| 1:57 | Create | Villager (Male) |
| 2:18 | Create | Villager (Male) |
| 2:42 | Build | Lumber Camp |
| 3:01 | Create | Villager (Male) |
| 3:01 | Create | Villager (Male) |
| 3:55 | Create | Villager (Male) |
| 3:55 | Create | Villager (Male) |
| 3:56 | Create | Villager (Male) |
| 3:57 | Build | House |
| 4:25 | Build | House |
| 4:54 | Build | Mill |
| 4:59 | Create | Villager (Male) |
| 5:27 | Create | Villager (Male) |
| 5:44 | Create | Villager (Male) |
| 6:01 | Create | Villager (Male) |
| 6:11 | Build | Mining Camp |
| 6:35 | Create | Villager (Male) |
| 7:02 | Create | Villager (Male) |
| 7:10 | Build | House |
| 7:17 | Create | Villager (Male) |
| 7:39 | Create | Villager (Male) |
| 8:05 | Build | Mill |
| 8:15 | Create | Villager (Male) |
| 9:04 | Build | Farm |
| 9:06 | Create | Villager (Male) |
| 9:10 | Research | Feudal Age |
| 9:10 | Create | Villager (Male) |
| 9:11 | Create | Villager (Male) |
| 9:31 | Build | Mining Camp |
| 10:42 | Build | Farm |
| 10:46 | Build | Farm |
| 11:20 | Age | Feudal Age |
| 11:32 | Create | Villager (Male) |
| 11:46 | Build | Blacksmith |
| 12:08 | Build | Farm |
| 12:17 | Build | House |
| 12:23 | Build | Farm |
| 13:36 | Build | Market |
| 13:40 | Create | Villager (Male) |
| 13:40 | Create | Villager (Male) |
| 13:58 | Research | Double-Bit Axe |
| 14:18 | Build | Farm |
| 14:28 | Create | Villager (Male) |
| 14:36 | Build | Farm |
| 14:46 | Research | Castle Age |
| 15:02 | Research | Stone Mining |
| 15:05 | Research | Gold Mining |
| 15:12 | Build | House |
| 15:14 | Build | House |
| 15:15 | Build | House |
| 15:16 | Build | House |
| 15:18 | Build | House |
| 15:19 | Build | House |
| 15:20 | Build | House |
| 15:22 | Build | House |
| 15:40 | Create | Villager (Male) |
| 15:40 | Create | Villager (Male) |
| 17:35 | Age | Castle Age |
| 17:39 | Build | Town Center |
| 17:57 | Build | Town Center |
| 18:19 | Create | Villager (Male) |
| 18:20 | Create | Villager (Male) |
| 18:21 | Create | Villager (Male) |
| 18:51 | Research | Bow Saw |
| 18:55 | Research | Horse Collar |
| 19:05 | Create | Villager (Male) |
| 19:05 | Create | Villager (Male) |
| 19:06 | Create | Villager (Male) |
| 19:11 | Build | Farm |
| 19:18 | Create | Villager (Male) |
| 19:42 | Build | Town Center |
| 19:58 | Build | Farm |
| 19:58 | Build | Farm |
| 19:58 | Build | Farm |
| 19:59 | Build | Farm |
| 19:59 | Build | Farm |
| 20:00 | Build | Farm |
| 20:02 | Create | Villager (Male) |
| 20:02 | Create | Villager (Male) |
| 20:06 | Build | Farm |
| 20:09 | Build | Farm |
| 20:11 | Create | Villager (Male) |
| 20:31 | Build | Farm |
| 20:34 | Create | Villager (Male) |
| 20:50 | Create | Villager (Male) |
| 20:55 | Build | Farm |
| 21:00 | Create | Villager (Male) |
| 21:16 | Create | Villager (Male) |
| 21:22 | Build | Farm |
| 21:25 | Create | Villager (Male) |
| 21:31 | Build | Farm |
| 21:33 | Create | Villager (Male) |
| 21:44 | Build | Farm |
| 21:45 | Build | Farm |
| 21:45 | Build | Farm |
| 21:46 | Build | Farm |
| 21:48 | Create | Villager (Male) |
| 21:51 | Create | Villager (Male) |
| 21:53 | Build | Farm |
| 21:59 | Create | Villager (Male) |
| 22:08 | Create | Villager (Male) |
| 22:14 | Create | Villager (Male) |
| 22:19 | Build | Farm |
| 22:23 | Build | Farm |
| 22:24 | Create | Villager (Male) |
| 22:29 | Create | Villager (Male) |
| 22:35 | Create | Villager (Male) |
| 22:39 | Create | Villager (Male) |
| 23:00 | Build | Farm |
| 23:03 | Create | Villager (Male) |
| 23:04 | Create | Villager (Male) |
| 23:09 | Build | Farm |
| 23:10 | Create | Villager (Male) |
| 23:17 | Create | Villager (Male) |
| 23:24 | Build | Farm |
| 23:26 | Create | Villager (Male) |
| 23:31 | Research | Gold Shaft Mining |
| 23:45 | Create | Villager (Male) |
| 23:50 | Create | Villager (Male) |
| 23:54 | Create | Villager (Male) |
| 23:55 | Create | Villager (Male) |
| 24:03 | Create | Villager (Male) |
| 24:04 | Create | Villager (Male) |
| 24:14 | Create | Villager (Male) |
| 24:17 | Create | Villager (Male) |
| 24:19 | Create | Villager (Male) |
| 24:20 | Create | Villager (Male) |
| 24:27 | Create | Villager (Male) |
| 24:29 | Create | Villager (Male) |
| 24:38 | Create | Villager (Male) |
| 24:39 | Create | Villager (Male) |
| 24:44 | Create | Villager (Male) |
| 24:51 | Build | Farm |
| 24:52 | Build | Farm |
| 24:52 | Build | Farm |
| 24:53 | Build | Farm |
| 24:54 | Build | Farm |
| 25:15 | Build | Castle |
| 25:25 | Build | Farm |
| 25:31 | Create | Villager (Male) |
| 25:33 | Research | Wheelbarrow |
| 25:33 | Research | Loom |
| 25:34 | Research | Town Watch |
Build order — Khoron
First 150 of 328 actions detected
| 0:02 | Create | Villager (Male) ×5 |
| 0:04 | Build | House |
| 0:06 | Build | House |
| 1:49 | Build | Lumber Camp |
| 1:50 | Create | Villager (Male) |
| 2:13 | Create | Villager (Male) |
| 2:23 | Create | Villager (Male) |
| 2:54 | Create | Villager (Male) |
| 3:13 | Create | Villager (Male) |
| 3:16 | Build | House |
| 3:32 | Create | Villager (Male) |
| 3:41 | Build | Mill |
| 4:20 | Create | Villager (Male) ×3 |
| 5:02 | Create | Villager (Male) ×3 |
| 5:07 | Build | Farm |
| 5:34 | Build | Farm |
| 5:44 | Build | House |
| 5:54 | Create | Villager (Male) |
| 6:04 | Build | Farm |
| 6:20 | Create | Villager (Male) |
| 6:22 | Create | Villager (Male) |
| 7:45 | Create | Villager (Male) |
| 8:06 | Build | Mining Camp |
| 8:33 | Research | Loom |
| 8:33 | Research | Feudal Age |
| 9:20 | Build | Farm |
| 9:26 | Build | Farm |
| 10:18 | Create | Villager (Male) |
| 10:19 | Create | Villager (Male) |
| 10:28 | Build | House |
| 11:00 | Age | Feudal Age |
| 11:20 | Build | Palisade Wall |
| 11:25 | Build | Palisade Wall |
| 11:26 | Build | Palisade Wall |
| 11:27 | Build | Palisade Wall |
| 11:29 | Build | Palisade Wall |
| 11:31 | Build | Palisade Wall |
| 11:32 | Build | Palisade Wall |
| 11:32 | Build | Palisade Wall |
| 11:44 | Build | Palisade Wall |
| 11:54 | Build | Palisade Wall |
| 11:58 | Build | Palisade Wall |
| 12:00 | Build | Palisade Wall |
| 12:05 | Build | Palisade Wall |
| 12:07 | Build | Palisade Wall |
| 12:17 | Create | Villager (Male) ×5 |
| 12:25 | Build | Market |
| 12:30 | Build | Blacksmith |
| 12:38 | Build | Farm |
| 13:22 | Research | Castle Age |
| 13:27 | Build | Farm |
| 13:27 | Build | Farm |
| 13:27 | Build | Farm |
| 13:41 | Build | Palisade Wall |
| 13:58 | Build | Mining Camp |
| 14:01 | Build | Farm |
| 14:35 | Build | Farm |
| 14:59 | Research | Horse Collar |
| 15:08 | Research | Double-Bit Axe |
| 15:26 | Build | Farm |
| 15:51 | Create | Villager (Male) |
| 15:51 | Age | Castle Age |
| 15:51 | Create | Villager (Male) |
| 15:57 | Build | House |
| 16:03 | Build | House |
| 16:11 | Research | Stone Mining |
| 16:23 | Research | Fletching |
| 16:26 | Create | Villager (Male) ×5 |
| 16:50 | Build | Town Center |
| 17:31 | Research | Gold Mining |
| 17:55 | Research | Bow Saw |
| 18:26 | Create | Villager (Male) ×3 |
| 18:47 | Build | House |
| 18:49 | Build | House |
| 19:16 | Build | Castle |
| 19:49 | Build | House |
| 19:50 | Build | House |
| 19:52 | Build | House |
| 19:55 | Build | House |
| 20:04 | Create | Villager (Male) ×5 |
| 20:04 | Create | Villager (Male) |
| 20:05 | Create | Villager (Male) |
| 20:36 | Build | Town Center |
| 20:53 | Build | Farm |
| 20:54 | Build | Farm |
| 20:54 | Build | Farm |
| 20:54 | Build | Farm |
| 20:54 | Build | Farm |
| 20:55 | Build | Farm |
| 20:55 | Build | Farm |
| 20:56 | Build | Farm |
| 21:00 | Create | Villager (Male) ×3 |
| 21:28 | Build | House |
| 21:37 | Build | House |
| 21:38 | Build | House |
| 21:56 | Build | Town Center |
| 22:02 | Create | Villager (Male) ×5 |
| 22:13 | Create | Villager (Male) |
| 22:23 | Create | Villager (Male) |
| 22:31 | Build | Farm |
| 22:31 | Build | Farm |
| 22:31 | Build | Farm |
| 22:59 | Build | House |
| 23:02 | Build | House |
| 23:04 | Build | House |
| 23:04 | Build | House |
| 23:06 | Build | House |
| 23:10 | Build | House |
| 23:14 | Create | Villager (Male) ×5 |
| 23:14 | Create | Villager (Male) |
| 23:19 | Build | Farm |
| 23:19 | Build | Farm |
| 23:24 | Build | Farm |
| 23:24 | Build | Farm |
| 23:25 | Build | Farm |
| 24:08 | Build | Farm |
| 24:25 | Create | Villager (Male) ×5 |
| 24:26 | Create | Villager (Male) ×5 |
| 24:44 | Create | Villager (Male) ×3 |
| 24:48 | Build | Farm |
| 24:48 | Build | Farm |
| 24:56 | Build | Farm |
| 24:56 | Build | Farm |
| 24:56 | Build | Farm |
| 24:57 | Build | Farm |
| 24:57 | Build | Farm |
| 24:58 | Build | Farm |
| 25:07 | Build | Farm |
| 25:07 | Build | Farm |
| 25:08 | Build | Farm |
| 25:08 | Build | Farm |
| 25:08 | Build | Farm |
| 25:08 | Build | Farm |
| 25:09 | Build | Farm |
| 25:09 | Build | Farm |
| 25:18 | Create | Villager (Male) ×5 |
| 25:19 | Create | Villager (Male) |
| 25:38 | Build | Farm |
| 25:38 | Build | Farm |
| 25:38 | Build | Farm |
| 25:39 | Build | Farm |
| 25:43 | Create | Villager (Male) ×3 |
| 26:06 | Build | House |
| 26:07 | Build | House |
| 26:07 | Build | House |
| 26:09 | Build | House |
| 26:10 | Build | House |
| 26:10 | Build | House |
| 26:11 | Build | House |
| 26:13 | Build | House |
Build order — Flynxis
First 150 of 394 actions detected
| 0:01 | Create | Villager (Male) |
| 0:01 | Create | Villager (Male) |
| 0:01 | Create | Villager (Male) |
| 0:01 | Create | Villager (Male) |
| 0:02 | Build | House |
| 0:04 | Build | House |
| 1:27 | Create | Villager (Male) |
| 1:51 | Build | Lumber Camp |
| 2:08 | Create | Villager (Male) |
| 2:08 | Create | Villager (Male) |
| 2:16 | Create | Villager (Male) |
| 2:47 | Create | Villager (Male) |
| 3:02 | Create | Villager (Male) |
| 3:37 | Create | Villager (Male) |
| 3:38 | Create | Villager (Male) |
| 4:00 | Build | House |
| 4:04 | Create | Villager (Male) |
| 4:43 | Create | Villager (Male) |
| 4:49 | Build | House |
| 4:55 | Build | House |
| 5:02 | Create | Villager (Male) |
| 5:03 | Create | Villager (Male) |
| 5:20 | Create | Villager (Male) |
| 5:20 | Create | Villager (Male) |
| 5:33 | Build | House |
| 5:37 | Create | Villager (Male) |
| 5:37 | Create | Villager (Male) |
| 6:16 | Create | Villager (Male) |
| 6:33 | Create | Villager (Male) |
| 6:57 | Build | House |
| 7:23 | Build | Mill |
| 7:36 | Create | Villager (Male) |
| 7:36 | Create | Villager (Male) |
| 7:55 | Build | Mill |
| 8:15 | Build | House |
| 8:21 | Build | House |
| 9:02 | Research | Loom |
| 9:17 | Create | Villager (Male) |
| 9:17 | Create | Villager (Male) |
| 9:34 | Build | Barracks |
| 9:50 | Create | Villager (Male) |
| 9:54 | Create | Villager (Male) |
| 10:19 | Build | Lumber Camp |
| 10:44 | Research | Feudal Age |
| 11:48 | Build | Mining Camp |
| 12:28 | Build | Mill |
| 13:02 | Create | Villager (Male) |
| 13:02 | Create | Villager (Male) |
| 13:07 | Age | Feudal Age |
| 13:18 | Build | Blacksmith |
| 13:46 | Build | Market |
| 13:52 | Create | Villager (Male) |
| 13:58 | Build | Farm |
| 14:00 | Build | Farm |
| 14:28 | Create | Villager (Male) |
| 14:34 | Build | Farm |
| 15:11 | Research | Castle Age |
| 15:30 | Research | Double-Bit Axe |
| 15:54 | Research | Horse Collar |
| 16:00 | Research | Gold Mining |
| 17:51 | Age | Castle Age |
| 17:54 | Build | Town Center |
| 18:03 | Create | Villager (Male) |
| 18:04 | Create | Villager (Male) |
| 18:04 | Create | Villager (Male) |
| 18:04 | Create | Villager (Male) |
| 18:05 | Create | Villager (Male) |
| 18:19 | Build | Town Center |
| 18:27 | Create | Villager (Male) |
| 18:34 | Build | Farm |
| 18:35 | Build | Farm |
| 18:38 | Research | Heavy Plow |
| 19:25 | Build | Farm |
| 19:25 | Build | Farm |
| 19:25 | Build | Farm |
| 19:26 | Build | Farm |
| 19:26 | Build | Farm |
| 19:31 | Build | Farm |
| 19:35 | Build | Farm |
| 19:50 | Build | House |
| 19:52 | Build | House |
| 20:01 | Build | Farm |
| 20:08 | Build | Farm |
| 20:10 | Create | Villager (Male) ×5 |
| 20:30 | Build | Farm |
| 20:33 | Build | Farm |
| 20:37 | Build | Farm |
| 20:44 | Create | Villager (Male) ×3 |
| 20:51 | Build | Farm |
| 20:53 | Create | Villager (Male) |
| 21:07 | Build | Farm |
| 21:11 | Build | Farm |
| 21:21 | Build | Farm |
| 21:22 | Create | Villager (Male) ×3 |
| 21:40 | Build | House |
| 21:42 | Build | House |
| 21:46 | Build | House |
| 21:56 | Create | Villager (Male) ×4 |
| 22:02 | Build | Farm |
| 22:05 | Build | Farm |
| 22:11 | Build | Farm |
| 22:12 | Create | Villager (Male) ×2 |
| 22:40 | Create | Villager (Male) ×4 |
| 22:54 | Create | Villager (Male) |
| 23:02 | Build | Farm |
| 23:02 | Build | Farm |
| 23:02 | Build | Farm |
| 23:02 | Build | Farm |
| 23:06 | Build | Farm |
| 23:12 | Create | Villager (Male) ×3 |
| 23:14 | Create | Villager (Male) |
| 23:31 | Build | House |
| 23:33 | Build | House |
| 23:36 | Build | House |
| 23:36 | Build | House |
| 23:38 | Create | Villager (Male) ×2 |
| 23:52 | Create | Villager (Male) ×3 |
| 23:56 | Build | Farm |
| 23:56 | Build | Farm |
| 23:56 | Build | Farm |
| 23:56 | Build | Farm |
| 23:59 | Create | Villager (Male) |
| 24:15 | Create | Villager (Male) ×3 |
| 24:51 | Build | Town Center |
| 24:52 | Create | Villager (Male) ×5 |
| 25:12 | Build | Barracks |
| 25:29 | Build | Barracks |
| 25:35 | Build | Barracks |
| 25:42 | Build | Barracks |
| 25:43 | Create | Villager (Male) ×5 |
| 25:58 | Create | Villager (Male) ×5 |
| 26:06 | Build | Lumber Camp |
| 26:09 | Build | Lumber Camp |
| 26:45 | Create | Villager (Male) ×5 |
| 26:49 | Build | Farm |
| 26:49 | Build | Farm |
| 26:49 | Build | Farm |
| 26:50 | Build | Farm |
| 27:14 | Build | Castle |
| 27:26 | Build | Farm |
| 27:29 | Create | Villager (Male) ×5 |
| 27:44 | Build | Barracks |
| 27:50 | Build | Palisade Gate |
| 27:59 | Build | Palisade Gate |
| 28:01 | Build | House |
| 28:13 | Research | Imperial Age |
| 28:13 | Research | Imperial Age |
| 28:14 | Create | Villager (Male) ×2 |
| 28:23 | Build | House |
| 28:31 | Build | House |
Match timeline
| 1:28 | Iced0ux · wall_segment Palisade Wall x13 |
| 4:21 | FAILEDFEMBOY · wall_segment Palisade Wall x1 |
| 4:21 | VIT | Hera · wall_segment Palisade Wall x9 |
| 6:45 | Iced0ux · wall_segment Palisade Wall x1 |
| 6:47 | Iced0ux · wall_segment Palisade Wall x1 |
| 9:34 | Flynxis · first_building Barracks |
| 10:59 | Sandsoil · age_up feudal |
| 11:00 | Khoron · age_up feudal |
| 11:20 | fran135 · age_up feudal |
| 11:20 | Khoron · wall_segment Palisade Wall x2 |
| 11:20 | VIT | Hera · age_up feudal |
| 11:25 | Khoron · wall_segment Palisade Wall x1 |
| 11:26 | Khoron · wall_segment Palisade Wall x1 |
| 11:27 | Khoron · wall_segment Palisade Wall x3 |
| 11:29 | Khoron · wall_segment Palisade Wall x4 |
| 11:31 | Khoron · wall_segment Palisade Wall x3 |
| 11:32 | Khoron · wall_segment Palisade Wall x1 |
| 11:32 | Khoron · wall_segment Palisade Wall x1 |
| 11:44 | Khoron · wall_segment Palisade Wall x1 |
| 11:48 | FAILEDFEMBOY · age_up feudal |
| 11:53 | Iced0ux · age_up feudal |
| 11:54 | Khoron · wall_segment Palisade Wall x4 |
| 11:58 | Khoron · wall_segment Palisade Wall x5 |
| 12:00 | Khoron · wall_segment Palisade Wall x3 |
| 12:03 | Ynyslas · age_up feudal |
| 12:05 | Khoron · wall_segment Palisade Wall x1 |
| 12:07 | Khoron · wall_segment Palisade Wall x1 |
| 13:07 | Flynxis · age_up feudal |
| 13:22 | Ynyslas · first_market_sell 100 stone |
| 13:41 | Khoron · wall_segment Palisade Wall x1 |
| 14:29 | Sandsoil · age_up castle |
| 14:34 | Iced0ux · first_building Barracks |
| 14:42 | Sandsoil · first_building Monastery |
| 14:53 | VIT | Hera · age_up castle |
| 15:05 | VIT | Hera · first_market_buy 100 wood |
| 15:27 | VIT | Hera · wall_segment Palisade Wall x1 |
| 15:51 | Khoron · age_up castle |
| 16:08 | Iced0ux · age_up castle |
| 16:17 | FAILEDFEMBOY · age_up castle |
| 16:25 | FAILEDFEMBOY · first_market_sell 100 wood |
| 16:28 | FAILEDFEMBOY · first_market_buy 100 stone |
| 16:38 | Khoron · first_market_buy 500 wood |
| 16:40 | Ynyslas · first_market_buy 100 stone |
| 16:42 | FAILEDFEMBOY · first_building Castle |
| 16:52 | VIT | Hera · wall_segment Palisade Wall x1 |
| 17:10 | Ynyslas · age_up castle |
| 17:28 | Ynyslas · first_building Monastery |
| 17:35 | fran135 · age_up castle |
| 17:51 | Flynxis · age_up castle |
| 19:16 | Khoron · first_building Castle |
| 22:21 | Iced0ux · first_building Castle |
| 22:27 | VIT | Hera · first_building Monastery |
| 24:26 | Ynyslas · first_building Siege Workshop |
| 25:15 | fran135 · first_building Castle |
| 25:20 | VIT | Hera · first_market_sell 100 food |
| 25:27 | FAILEDFEMBOY · first_building Barracks |
| 25:33 | VIT | Hera · first_building Castle |
| 25:44 | Sandsoil · first_building Siege Workshop |
| 25:49 | Sandsoil · first_building Barracks |
| 25:59 | FAILEDFEMBOY · first_building Stable |
| 26:07 | VIT | Hera · first_building Siege Workshop |
| 26:31 | FAILEDFEMBOY · first_building Archery Range |
| 27:04 | Sandsoil · first_building Stable |
| 27:04 | fran135 · first_building Siege Workshop |
| 27:14 | Flynxis · first_building Castle |
| 27:25 | Khoron · first_building Barracks |
| 27:37 | Khoron · first_building Monastery |
| 27:47 | Sandsoil · first_market_sell 500 food |
| 28:15 | Sandsoil · first_building Castle |
| 28:33 | fran135 · first_building Barracks |
| 28:40 | Sandsoil · age_up imperial |
| 28:50 | VIT | Hera · age_up imperial |
| 29:14 | VIT | Hera · first_building Barracks |
| 30:09 | FAILEDFEMBOY · age_up imperial |
| 30:18 | Khoron · first_market_sell 500 wood |
| 30:56 | Iced0ux · age_up imperial |
| 31:13 | Khoron · wall_segment Stone Wall x5 |
| 31:15 | Khoron · wall_segment Stone Wall x6 |
| 31:23 | Flynxis · age_up imperial |
| 31:55 | VIT | Hera · first_building Stable |
| 31:55 | VIT | Hera · first_building Archery Range |
| 32:23 | fran135 · age_up imperial |
| 33:08 | Khoron · age_up imperial |
| 34:00 | Khoron · first_building Stable |
| 34:07 | Ynyslas · first_building Barracks |
| 34:07 | VIT | Hera · wall_segment Palisade Wall x1 |
| 34:14 | VIT | Hera · wall_segment Palisade Wall x1 |
| 34:56 | Iced0ux · first_market_sell 500 food |
| 34:58 | Ynyslas · age_up imperial |
| 35:36 | Khoron · wall_segment Stone Wall x8 |
| 36:08 | Khoron · wall_segment Stone Wall x1 |
| 37:00 | Khoron · wall_segment Stone Wall x1 |
| 37:06 | Flynxis · first_building Monastery |
| 39:48 | Ynyslas · tribute_sent a jugador 1 |
| 39:48 | Ynyslas · tribute_sent a jugador 2 |
| 39:48 | Ynyslas · tribute_sent a jugador 3 |
| 39:48 | Ynyslas · tribute_sent a jugador 5 |
| 39:48 | Ynyslas · tribute_sent a jugador 6 |
| 39:48 | Ynyslas · tribute_sent a jugador 7 |
| 39:48 | Ynyslas · tribute_sent a jugador 8 |
| 42:45 | Ynyslas · tribute_sent a jugador 1 |
| 42:45 | Ynyslas · tribute_sent a jugador 2 |
| 42:45 | Ynyslas · tribute_sent a jugador 3 |
| 42:45 | Ynyslas · tribute_sent a jugador 5 |
| 42:45 | Ynyslas · tribute_sent a jugador 6 |
| 42:45 | Ynyslas · tribute_sent a jugador 7 |
| 42:45 | Ynyslas · tribute_sent a jugador 8 |
| 48:52 | Khoron · wall_segment Stone Wall x9 |
| 50:28 | Ynyslas · first_building Castle |
| 52:38 | Ynyslas · tribute_sent a jugador 1 |
| 52:38 | Ynyslas · tribute_sent a jugador 2 |
| 52:38 | Ynyslas · tribute_sent a jugador 3 |
| 52:38 | Ynyslas · tribute_sent a jugador 5 |
| 52:38 | Ynyslas · tribute_sent a jugador 6 |
| 52:38 | Ynyslas · tribute_sent a jugador 7 |
| 52:38 | Ynyslas · tribute_sent a jugador 8 |
| 52:48 | FAILEDFEMBOY · tribute_sent a jugador 1 |
| 52:48 | FAILEDFEMBOY · tribute_sent a jugador 2 |
| 52:48 | FAILEDFEMBOY · tribute_sent a jugador 3 |
| 52:48 | FAILEDFEMBOY · tribute_sent a jugador 4 |
| 52:48 | FAILEDFEMBOY · tribute_sent a jugador 5 |
| 52:48 | FAILEDFEMBOY · tribute_sent a jugador 6 |
| 52:48 | FAILEDFEMBOY · tribute_sent a jugador 7 |
| 53:47 | Khoron · wall_segment Stone Wall x4 |
| 55:41 | VIT | Hera · resign |
[ AI ANALYSIS · 1 CREDIT ]
What really happened in this match?
Wolo.gg analyzes every decision: build order, eco, micro, common mistakes by bracket. Personalized analysis on WhatsApp or Discord in 30 seconds.
Civ guide
Dravidians
Perfil
Jugador #6842441